 Dungeon Crawl Stone Soup version 0.31-a0-234-gad7ace16ef (webtiles) character file.

Game seed: 2522426972785721557

21 Nattfarinn the Vexing (level 2, 0/24 HPs)
             Began as a Deep Elf Hexslinger on July 10, 2023.
             Slain by a hobgoblin (4 damage)
             ... on level 2 of the Dungeon.
             The game lasted 00:01:28 (323 turns).

Nattfarinn the Vexing (Deep Elf Hexslinger)          Turns: 323, Time: 00:01:29

Health: 0/24       AC: 21    Str:  5    XL:     2   Next: 65%
Magic:  6/6        EV:  2    Int: 17    God:
Gold:   83         SH:  0    Dex: 17    Spells: 3/4 levels left

rFire   . . .        a - +1 sling
rCold   . . .        (no shield)
rNeg    . . .        c - melded +0 robe
rPois   +            (helmet currently unavailable)
rElec   .            (cloak currently unavailable)
rCorr   .            (gloves currently unavailable)
SInv    .            (boots currently unavailable)
Will    .....        (no amulet)
Stlth   ++           (no ring)
HPRegen 0.24/turn    (no ring)
MPRegen 0.10/turn

%: no passive effects
@: tree-form
A: stationary, stasis, torment immunity, boosted hp
a: no special abilities


You were on level 2 of the Dungeon.
You were a tree.
You visited 1 branch of the dungeon, and saw 2 of its levels.

You collected 83 gold pieces.

Inventory:

Hand Weapons
 a - a +1 sling (weapon)
Armour
 c - a +0 robe (melded)
Scrolls
 b - a scroll of poison
 f - a scroll of enchant armour {unknown}
 h - a scroll of silence {unknown}
 i - a scroll of brand weapon {unknown}
Potions
 g - a potion of heal wounds {unknown}


   Skills:
 + Level 1.2 Fighting
 * Level 3.7 Ranged Weapons
 - Level 2.4 Dodging
 - Level 1.5 Spellcasting
 + Level 4.3 Hexes


You had 3 spell levels left.
You knew the following spells:

 Your Spells              Type           Power      Damage    Failure   Level
a - Slow                  Hex            64%        N/A       3%          1

Your spell library contained the following spells:

 Spells                   Type           Power      Damage    Failure   Level
 Inner Flame              Hex/Fire       8%         N/A       26%         3
 Portal Projectile        Hex/Tloc       16%        N/A       26%         3
 Gell's Gravitas          Tloc           1%         N/A       52%         3
 Teleport Other           Tloc           1%         N/A       52%         3
 Cause Fear               Hex            8%         N/A       34%         4
 Dispersal                Tloc           0%         N/A       100%        6


Dungeon Overview and Level Annotations

Branches:
Dungeon (2/15)

Altars:


Message History

You now have 83 gold pieces (gained 18).
There is a stone staircase leading down here.
Found a stone staircase leading up.
There is a stone staircase leading up here.
You climb upwards.
The goblin shouts!
The hobgoblin shouts! x2
Found 3 stones and a pink potion.
There is a stone staircase leading down here.
You shoot a sling bullet. The sling bullet hits the hobgoblin!
You kill the hobgoblin!
You shoot a sling bullet.
The sling bullet barely misses the hobgoblin.
You shoot a sling bullet. The sling bullet hits the hobgoblin.
The hobgoblin is heavily wounded.
You shoot a sling bullet.
The sling bullet hits the hobgoblin but does no damage.
The hobgoblin is heavily wounded.
The hobgoblin hits you. The goblin barely misses you.
You shoot a sling bullet.
The sling bullet barely misses the hobgoblin.
The hobgoblin hits you. The goblin hits you with a +0 club.
The hobgoblin barely misses you. The goblin misses you.
You are too injured to fight recklessly!
You are too injured to fight recklessly!
You are too injured to fight recklessly!
You are too injured to fight recklessly!
You are too injured to fight recklessly!
You are too injured to fight recklessly!
The hobgoblin hits you. The goblin hits you with a +0 club.
* * * LOW HITPOINT WARNING * * *
You climb downwards.
There is a stone staircase leading up here.
It was a potion of magic.
Magic courses through your body. The goblin hits you with a +0 club.
* * * LOW HITPOINT WARNING * * *
The hobgoblin barely misses you.
It was a potion of lignification.
You turn into a tree.
Your +0 robe melds into your body.
Your roots penetrate the ground.
The hobgoblin hits you.
You die...

#.# #.# #.# #.#
#.# ###.# #.#
###.. ....# #g#
#.... .... #♣#
#... .... #g# #..#
#... #.# #..#
###... #.#
#..###.#...
#.######.....#....
#.##....†...###...
#.##>####..## ##.#
#....# #..## ##.
########...## ##.#


You could see a hobgoblin and a goblin.

Vanquished Creatures
  2 bats (D:2)
  3 endoplasms (D:1)
  2 goblins
  4 hobgoblins (D:1)
  A jackal (D:2)
  3 ball pythons
  A frilled lizard (D:1)
  A kobold (D:1)
  A rat (D:1)
18 creatures vanquished.

Notes
Turn   | Place    | Note
-------+----------+-------------------------------------------
     0 | D:1      | Nattfarinn the Deep Elf Hexslinger began the quest for the
                  | Orb.
     0 | D:1      | Reached XP level 1. HP: 11/11 MP: 5/5
   116 | D:1      | Reached skill level 1 in Fighting
   126 | D:1      | Reached XP level 2. HP: 16/16 MP: 6/6
   222 | D:1      | You fall into a shaft and drop 1 floor!
   323 | D:2      | Slain by a hobgoblin

Illustrated notes

Levels and vault maps discovered:
D:1:      denvon_arrival_waterhouse, layout_rooms, serial_shops, shop
D:2:      layout_loops_ring, serial_shops, nicolae_shop_hallway_stairs,
          nicolae_eternal_life, dreamdust_wishing_well, hex_tiny

Skill      XL: |  1 |
---------------+----+-----
Ranged Weapons | 3 |  3.7
Fighting       | 1 |  1.2
Dodging        | |  2.4
Spellcasting   | |  1.5
Hexes          | |  4.3

Action                     || total
---------------------------++-------
   Fire: Sling             ||    50
   Cast: Slow              ||     4
    Use: Potion            ||     2
 Armour: Robe              ||     3
  Dodge: Dodged            ||    24

Table legend: (Time is in decaauts)
 A = Elapsed time spent in this place.
 B = Non-inter-level travel time spent in this place.
 C = Inter-level travel time spent in this place.
 D = Time resting spent in this place.
 E = Time spent auto-exploring this place.
 F = Levels seen in this place.
 G = Mean time per level.
                   A        B        C        D        E       F      G
               +--------+--------+--------+--------+--------+-----+--------+
         Total |    336 |    328 |      8 |      0 |    194 |   2 |  168.0 |
       Dungeon |    336 |    328 |      8 |      0 |    194 |   2 |  168.0 |
               +--------+--------+--------+--------+--------+-----+--------+

Top non-repeatable levels by time:
     D:1: 239 daAuts
     D:2: 97 daAuts
